[ AOE2 MATCH · #479130956 ]
UnrankedBengalis vs Malians
[ REPLAY ANALYSIS · EXTRACTED FROM THE RECORDED GAME ]
Feudal
9:42
Castle
23:16
Imperial
—
| APM avg | 41.5 |
| APM peak | 80 |
| eAPM avg | 16.9 |
| Villagers / military | 123 / 82 |
Focus
⚔️ 37.2% · 🌾 62.8%
Elephant Archer ×59 · Armored Elephant ×12 · Scout Cavalry ×7 · Spearman ×4
Feudal
9:01
Castle
25:38
Imperial
41:42
| APM avg | 57.3 |
| APM peak | 115 |
| eAPM avg | 21.4 |
| Villagers / military | 83 / 100 |
Focus
⚔️ 39.8% · 🌾 60.2%
Archer ×74 · Ghulam ×22 · Trebuchet (Packed) ×4
Feudal
9:19
Castle
23:35
Imperial
44:25
| APM avg | 54.8 |
| APM peak | 103 |
| eAPM avg | 18.3 |
| Villagers / military | 107 / 117 |
Focus
⚔️ 27.0% · 🌾 73.0%
Archer ×79 · Gbeto ×19 · Camel Scout ×17 · Spearman ×2
Feudal
11:22
Castle
35:41
Imperial
—
| APM avg | 41.5 |
| APM peak | 82 |
| eAPM avg | 17.2 |
| Villagers / military | 65 / 61 |
Focus
⚔️ 30.7% · 🌾 69.3%
Archer ×49 · Skirmisher ×7 · Spearman ×5
Feudal
9:25
Castle
28:47
Imperial
46:54
| APM avg | 55.6 |
| APM peak | 102 |
| eAPM avg | 22.9 |
| Villagers / military | 144 / 202 |
Focus
⚔️ 32.4% · 🌾 67.6%
Steppe Lancer ×119 · Scout Cavalry ×79 · Spearman ×4
Feudal
10:35
Castle
26:18
Imperial
42:14
| APM avg | 53.2 |
| APM peak | 146 |
| eAPM avg | 21.7 |
| Villagers / military | 71 / 139 |
Focus
⚔️ 31.5% · 🌾 68.5%
Spearman ×88 · Woad Raider ×19 · Militia ×12 · Scout Cavalry ×10 · Scorpion ×6 · Trebuchet (Packed) ×4
Feudal
9:17
Castle
24:54
Imperial
46:57
| APM avg | 43.3 |
| APM peak | 87 |
| eAPM avg | 19.8 |
| Villagers / military | 122 / 166 |
Focus
⚔️ 37.3% · 🌾 62.7%
Archer ×97 · Karambit Warrior ×61 · Battering Ram ×7 · Spearman ×1
Feudal
8:35
Castle
23:31
Imperial
42:47
| APM avg | 55.9 |
| APM peak | 103 |
| eAPM avg | 25.6 |
| Villagers / military | 179 / 157 |
Focus
⚔️ 33.5% · 🌾 66.5%
Knight ×141 · Scout Cavalry ×8 · Spearman ×6 · Petard ×2
Match map
Initial resources + every placement click. Lines = walls · curves = elevation contours. ◆ gold · ⬟ stone · ● berries · ✦ relic · ◌ wall gap
Your base· Open — unwalled flank
Tupac_Amaru's base· Open — unwalled flank
Pollericci Jr.'s base· ✓ Closed at 23:35 · 46t walls · 1 gate(s)
CharlesPK's base· ✓ Closed at 35:41 · 74t walls · 1 gate(s)
DarkOrsted's base· ✓ Closed at 28:47 · 61t walls · 2 gate(s)
juankmh's base· ✓ Closed at 26:18 · 40t walls · 4 gate(s)
Plinio's base· Open — 7t gap
KAYSER.PE's base· ✓ Closed at 23:31 · 57t walls · 2 gate(s)
Smoothed initial terrain · ◌ = detected wall gap · hover for details
Inputs per minute
— TuMaY - - Tupac_Amaru
Build order — TuMaY
First 150 of 325 actions detected
| 0:01 | Create | Villager (Male) ×4 |
| 0:03 | Build | House |
| 0:05 | Build | House |
| 1:29 | Create | Villager (Male) |
| 1:29 | Create | Villager (Male) |
| 1:48 | Build | Lumber Camp |
| 2:01 | Create | Villager (Male) |
| 2:21 | Create | Villager (Male) |
| 2:57 | Create | Villager (Male) |
| 3:14 | Create | Villager (Male) |
| 3:14 | Create | Villager (Male) |
| 3:37 | Build | House |
| 3:39 | Build | House |
| 3:44 | Create | Villager (Male) |
| 3:44 | Create | Villager (Male) |
| 4:06 | Create | Villager (Male) |
| 4:30 | Create | Villager (Male) |
| 4:40 | Create | Villager (Male) |
| 4:42 | Create | Villager (Male) |
| 4:53 | Build | Mill |
| 5:21 | Create | Villager (Male) |
| 5:55 | Create | Villager (Male) |
| 5:55 | Create | Villager (Male) |
| 6:43 | Create | Villager (Male) |
| 7:25 | Research | Feudal Age |
| 8:16 | Build | Barracks |
| 8:36 | Build | House |
| 8:52 | Research | Loom |
| 9:23 | Create | Villager (Male) |
| 9:42 | Age | Feudal Age |
| 9:47 | Build | Stable |
| 9:48 | Create | Villager (Male) |
| 9:53 | Research | Double-Bit Axe |
| 9:58 | Build | House |
| 10:06 | Create | Villager (Male) |
| 10:23 | Create | Scout Cavalry |
| 10:23 | Create | Scout Cavalry |
| 10:23 | Create | Scout Cavalry |
| 10:29 | Build | Palisade Wall |
| 10:34 | Create | Villager (Male) |
| 10:40 | Build | Blacksmith |
| 10:49 | Build | House |
| 10:55 | Create | Villager (Male) |
| 11:05 | Build | Palisade Gate |
| 11:13 | Build | House |
| 11:14 | Build | House |
| 11:18 | Create | Scout Cavalry |
| 11:55 | Create | Scout Cavalry |
| 11:59 | Build | Farm |
| 12:05 | Build | House |
| 12:21 | Create | Scout Cavalry |
| 12:39 | Build | Market |
| 12:48 | Create | Villager (Male) |
| 12:59 | Build | Farm |
| 13:04 | Build | Farm |
| 13:09 | Build | Farm |
| 13:11 | Build | Farm |
| 13:13 | Build | Farm |
| 13:14 | Create | Villager (Male) |
| 13:16 | Build | Farm |
| 13:39 | Create | Villager (Male) |
| 13:42 | Create | Scout Cavalry |
| 13:55 | Build | House |
| 13:57 | Build | Palisade Wall |
| 14:05 | Build | Farm |
| 14:07 | Create | Spearman |
| 14:15 | Create | Spearman |
| 14:32 | Create | Spearman |
| 14:35 | Build | House |
| 14:38 | Build | House |
| 14:42 | Build | House |
| 14:45 | Build | Palisade Wall |
| 14:49 | Build | Palisade Wall |
| 14:54 | Build | Palisade Wall |
| 14:59 | Create | Spearman |
| 15:01 | Create | Villager (Male) |
| 15:14 | Build | Farm |
| 15:31 | Create | Villager (Male) |
| 16:05 | Create | Villager (Male) |
| 16:09 | Build | Farm |
| 16:10 | Create | Villager (Male) |
| 16:12 | Build | Mining Camp |
| 16:22 | Research | Forging |
| 16:31 | Create | Villager (Male) |
| 16:55 | Build | Farm |
| 16:57 | Build | Farm |
| 16:58 | Build | Farm |
| 17:00 | Build | Farm |
| 17:02 | Build | Farm |
| 17:05 | Build | Farm |
| 17:07 | Create | Villager (Male) |
| 17:20 | Create | Villager (Male) |
| 17:32 | Create | Villager (Male) |
| 17:53 | Create | Villager (Male) |
| 19:26 | Create | Villager (Male) |
| 19:26 | Create | Villager (Male) |
| 20:02 | Build | Archery Range |
| 20:30 | Build | Archery Range |
| 20:32 | Research | Fletching |
| 20:36 | Research | Castle Age |
| 20:37 | Research | Castle Age |
| 20:41 | Research | Horse Collar |
| 20:58 | Build | Archery Range |
| 21:04 | Research | Gold Mining |
| 21:34 | Research | Padded Archer Armor |
| 21:57 | Build | Farm |
| 22:13 | Build | Farm |
| 22:48 | Build | House |
| 23:11 | Create | Villager (Male) |
| 23:12 | Create | Villager (Male) |
| 23:16 | Age | Castle Age |
| 23:20 | Build | Town Center |
| 23:27 | Create | Elephant Archer |
| 23:28 | Create | Elephant Archer |
| 23:29 | Create | Elephant Archer |
| 23:38 | Research | Husbandry |
| 23:39 | Research | Bodkin Arrow |
| 24:01 | Create | Elephant Archer |
| 24:05 | Create | Elephant Archer |
| 24:16 | Create | Villager (Male) |
| 24:26 | Build | Town Center |
| 24:43 | Create | Elephant Archer |
| 24:43 | Create | Elephant Archer |
| 24:44 | Create | Elephant Archer |
| 24:49 | Create | Villager (Male) |
| 24:58 | Build | Farm |
| 24:59 | Build | Farm |
| 25:00 | Build | Farm |
| 25:02 | Create | Villager (Male) |
| 25:19 | Create | Villager (Male) |
| 25:22 | Create | Villager (Male) |
| 25:24 | Build | Farm |
| 25:27 | Create | Elephant Archer |
| 25:48 | Create | Elephant Archer |
| 25:50 | Create | Elephant Archer |
| 25:51 | Create | Elephant Archer |
| 26:09 | Build | University |
| 26:19 | Build | Farm |
| 26:19 | Create | Villager (Male) |
| 26:25 | Create | Elephant Archer |
| 26:26 | Create | Elephant Archer |
| 26:26 | Create | Elephant Archer |
| 26:45 | Create | Elephant Archer |
| 26:49 | Create | Villager (Male) |
| 26:57 | Build | Town Center |
| 27:01 | Create | Villager (Male) |
| 27:02 | Create | Villager (Male) |
| 27:26 | Research | Leather Archer Armor |
| 27:27 | Create | Villager (Male) |
| 27:32 | Create | Villager (Male) |
Build order — Tupac_Amaru
First 150 of 292 actions detected
| 0:01 | Create | Villager (Male) |
| 0:02 | Create | Villager (Male) |
| 0:02 | Create | Villager (Male) |
| 0:02 | Create | Villager (Male) |
| 0:02 | Create | Villager (Male) |
| 0:04 | Build | House |
| 0:06 | Build | House |
| 1:07 | Create | Villager (Male) |
| 1:07 | Create | Villager (Male) |
| 1:44 | Create | Villager (Male) |
| 1:44 | Create | Villager (Male) |
| 1:55 | Create | Villager (Male) |
| 2:48 | Create | Villager (Male) |
| 2:48 | Create | Villager (Male) |
| 2:51 | Build | Lumber Camp |
| 2:58 | Create | Villager (Male) |
| 2:58 | Create | Villager (Male) |
| 3:17 | Create | Villager (Male) |
| 3:17 | Create | Villager (Male) |
| 3:42 | Create | Villager (Male) |
| 3:42 | Create | Villager (Male) |
| 3:52 | Build | House |
| 4:44 | Build | Mill |
| 5:04 | Create | Villager (Male) |
| 5:04 | Create | Villager (Male) |
| 5:04 | Create | Villager (Male) |
| 5:05 | Create | Villager (Male) |
| 5:31 | Research | Loom |
| 6:51 | Research | Feudal Age |
| 7:25 | Build | Barracks |
| 7:27 | Build | House |
| 8:07 | Build | Mining Camp |
| 8:09 | Create | Villager (Male) |
| 8:09 | Create | Villager (Male) |
| 9:01 | Age | Feudal Age |
| 9:05 | Build | Archery Range |
| 9:12 | Research | Double-Bit Axe |
| 9:23 | Build | House |
| 9:38 | Create | Villager (Male) |
| 9:59 | Build | House |
| 10:04 | Create | Villager (Male) |
| 10:15 | Build | Blacksmith |
| 10:18 | Create | Archer |
| 10:18 | Create | Archer |
| 10:19 | Create | Archer |
| 10:20 | Create | Archer |
| 10:33 | Build | House |
| 10:37 | Build | Palisade Wall |
| 10:43 | Create | Villager (Male) |
| 10:45 | Research | Town Watch |
| 10:52 | Build | House |
| 10:56 | Create | Villager (Male) |
| 11:05 | Create | Archer |
| 11:19 | Create | Villager (Male) |
| 11:20 | Create | Villager (Male) |
| 11:42 | Build | House |
| 11:52 | Create | Villager (Male) |
| 12:20 | Create | Archer |
| 12:20 | Create | Archer |
| 12:34 | Build | House |
| 12:41 | Build | Archery Range |
| 12:44 | Create | Villager (Male) |
| 13:00 | Research | Fletching |
| 13:12 | Build | House |
| 13:21 | Build | House |
| 13:30 | Create | Archer |
| 13:44 | Create | Villager (Male) |
| 13:57 | Build | Palisade Wall |
| 14:00 | Create | Archer |
| 14:00 | Create | Archer |
| 14:01 | Create | Villager (Male) |
| 14:06 | Build | Farm |
| 14:08 | Build | Farm |
| 14:22 | Build | Farm |
| 14:40 | Build | Farm |
| 14:51 | Research | Padded Archer Armor |
| 15:03 | Create | Archer |
| 15:03 | Create | Archer |
| 15:22 | Build | House |
| 15:24 | Build | Palisade Wall |
| 15:34 | Create | Archer |
| 15:34 | Create | Archer |
| 15:52 | Build | Watch Tower |
| 15:54 | Create | Archer |
| 15:54 | Create | Archer |
| 16:03 | Build | Palisade Wall |
| 16:04 | Build | Palisade Wall |
| 16:06 | Build | Palisade Wall |
| 16:10 | Build | House |
| 16:20 | Create | Archer |
| 16:20 | Create | Archer |
| 16:21 | Create | Villager (Male) |
| 16:21 | Create | Villager (Male) |
| 16:41 | Create | Archer |
| 16:41 | Create | Archer |
| 17:05 | Create | Villager (Male) |
| 17:05 | Create | Villager (Male) |
| 17:42 | Create | Archer |
| 17:42 | Create | Archer |
| 18:02 | Build | House |
| 18:03 | Build | Palisade Wall |
| 18:11 | Create | Archer |
| 18:11 | Create | Archer |
| 18:13 | Create | Villager (Male) |
| 18:51 | Create | Archer |
| 18:51 | Create | Archer |
| 19:29 | Create | Archer |
| 19:29 | Create | Archer |
| 20:04 | Create | Villager (Male) |
| 20:04 | Create | Villager (Male) |
| 20:04 | Create | Villager (Male) |
| 20:21 | Build | Palisade Wall |
| 20:22 | Build | Palisade Wall |
| 20:26 | Create | Archer |
| 20:27 | Create | Archer |
| 20:33 | Build | Market |
| 20:42 | Build | Farm |
| 20:57 | Create | Archer |
| 20:58 | Create | Archer |
| 21:00 | Build | Farm |
| 21:22 | Create | Archer |
| 21:22 | Create | Archer |
| 21:32 | Build | House |
| 21:47 | Create | Villager (Male) |
| 21:52 | Build | House |
| 22:39 | Build | Farm |
| 22:58 | Research | Castle Age |
| 23:05 | Create | Archer |
| 23:05 | Create | Archer |
| 23:18 | Build | Farm |
| 23:19 | Build | Farm |
| 23:34 | Build | Archery Range |
| 23:41 | Create | Archer |
| 23:41 | Create | Archer |
| 23:44 | Research | Gold Mining |
| 23:51 | Build | Farm |
| 23:55 | Build | Farm |
| 24:09 | Build | Lumber Camp |
| 24:18 | Build | House |
| 24:33 | Create | Archer |
| 24:33 | Create | Archer |
| 24:34 | Create | Archer |
| 24:49 | Build | Palisade Gate |
| 25:09 | Build | Farm |
| 25:30 | Create | Archer |
| 25:30 | Create | Archer |
| 25:30 | Create | Archer |
| 25:38 | Age | Castle Age |
| 25:43 | Build | University |
| 25:47 | Research | Crossbowman (upgrade) |
Build order — Pollericci Jr.
First 150 of 345 actions detected
| 0:02 | Create | Villager (Male) ×4 |
| 0:04 | Build | House |
| 0:05 | Build | House |
| 1:26 | Create | Villager (Male) |
| 1:26 | Create | Villager (Male) |
| 2:01 | Create | Villager (Male) |
| 2:09 | Build | Lumber Camp |
| 2:26 | Create | Villager (Male) |
| 3:09 | Create | Villager (Male) |
| 3:32 | Build | House |
| 3:36 | Build | Palisade Wall |
| 3:37 | Build | House |
| 3:45 | Create | Villager (Male) |
| 4:14 | Create | Villager (Male) |
| 4:32 | Create | Villager (Male) |
| 4:32 | Create | Villager (Male) |
| 5:17 | Create | Villager (Male) |
| 5:40 | Build | Mill |
| 5:48 | Create | Villager (Male) |
| 5:56 | Research | Loom |
| 7:09 | Research | Feudal Age |
| 7:26 | Build | Barracks |
| 7:52 | Build | Mining Camp |
| 9:18 | Create | Villager (Male) |
| 9:18 | Create | Villager (Male) |
| 9:19 | Age | Feudal Age |
| 9:24 | Build | Archery Range |
| 9:26 | Create | Spearman |
| 9:28 | Create | Villager (Male) |
| 9:40 | Build | Watch Tower |
| 9:45 | Create | Villager (Male) |
| 9:50 | Create | Villager (Male) |
| 9:57 | Create | Villager (Male) |
| 10:11 | Create | Archer |
| 10:11 | Create | Archer |
| 10:12 | Create | Archer |
| 10:31 | Create | Villager (Male) |
| 10:57 | Create | Archer |
| 11:02 | Build | House |
| 11:10 | Build | House |
| 11:11 | Build | House |
| 11:14 | Create | Villager (Male) |
| 11:32 | Build | Archery Range |
| 11:44 | Create | Archer |
| 11:45 | Create | Archer |
| 11:48 | Create | Villager (Male) |
| 11:55 | Build | Blacksmith |
| 12:21 | Create | Archer |
| 12:21 | Create | Archer |
| 12:36 | Build | Palisade Wall |
| 12:41 | Build | Palisade Gate |
| 12:44 | Create | Archer |
| 12:50 | Create | Villager (Male) |
| 12:54 | Research | Fletching |
| 13:15 | Create | Spearman |
| 13:28 | Create | Archer |
| 13:28 | Create | Archer |
| 13:34 | Build | Farm |
| 13:38 | Build | Farm |
| 13:48 | Build | Farm |
| 13:51 | Build | Farm |
| 13:53 | Build | Farm |
| 13:54 | Build | Farm |
| 13:55 | Create | Villager (Male) |
| 14:00 | Create | Archer |
| 14:15 | Build | House |
| 14:38 | Create | Archer |
| 14:39 | Create | Archer |
| 15:14 | Create | Archer |
| 15:14 | Create | Archer |
| 15:15 | Research | Padded Archer Armor |
| 15:16 | Create | Villager (Male) |
| 15:47 | Create | Archer |
| 15:47 | Create | Archer |
| 15:48 | Create | Villager (Male) |
| 15:48 | Create | Villager (Male) |
| 15:52 | Build | Farm |
| 15:56 | Build | Farm |
| 15:58 | Create | Villager (Male) |
| 16:07 | Build | House |
| 16:08 | Build | House |
| 16:17 | Create | Villager (Male) |
| 16:22 | Build | Farm |
| 16:38 | Create | Villager (Male) |
| 16:41 | Create | Villager (Male) |
| 16:46 | Create | Archer |
| 16:47 | Create | Archer |
| 16:54 | Build | House |
| 16:55 | Build | House |
| 17:07 | Build | Palisade Wall |
| 17:18 | Build | Farm |
| 17:19 | Build | Farm |
| 17:36 | Create | Villager (Male) |
| 17:54 | Create | Archer |
| 17:54 | Create | Archer |
| 17:54 | Create | Archer |
| 18:16 | Create | Villager (Male) |
| 18:22 | Build | Farm |
| 18:23 | Build | Farm |
| 18:26 | Create | Villager (Male) |
| 18:34 | Build | House |
| 19:32 | Create | Archer |
| 19:32 | Create | Archer |
| 20:00 | Create | Archer |
| 20:01 | Create | Archer |
| 20:01 | Create | Archer |
| 20:05 | Create | Villager (Male) |
| 20:06 | Create | Villager (Male) |
| 20:13 | Build | Lumber Camp |
| 20:16 | Build | House |
| 20:20 | Build | Palisade Wall |
| 20:24 | Build | Palisade Wall |
| 20:26 | Build | Palisade Wall |
| 20:43 | Create | Archer |
| 20:44 | Create | Archer |
| 20:48 | Research | Castle Age |
| 21:30 | Create | Archer |
| 21:31 | Create | Archer |
| 21:31 | Create | Archer |
| 21:31 | Create | Archer |
| 21:46 | Research | Double-Bit Axe |
| 21:57 | Create | Archer |
| 21:57 | Create | Archer |
| 21:57 | Create | Archer |
| 23:10 | Create | Archer |
| 23:10 | Create | Archer |
| 23:11 | Create | Archer |
| 23:17 | Research | Gold Mining |
| 23:29 | Create | Archer |
| 23:30 | Create | Archer |
| 23:30 | Create | Archer |
| 23:35 | Age | Castle Age |
| 23:37 | Research | Crossbowman (upgrade) |
| 23:39 | Research | Bodkin Arrow |
| 23:48 | Create | Villager (Male) |
| 23:48 | Create | Villager (Male) |
| 23:49 | Create | Villager (Male) |
| 23:57 | Build | Mining Camp |
| 24:08 | Create | Archer |
| 24:08 | Create | Archer |
| 24:22 | Create | Villager (Male) |
| 24:52 | Create | Villager (Male) |
| 25:05 | Build | University |
| 25:06 | Create | Villager (Male) |
| 25:24 | Create | Archer |
| 25:24 | Create | Archer |
| 25:24 | Create | Archer |
| 25:25 | Create | Archer |
| 25:28 | Create | Villager (Male) |
| 25:58 | Research | Leather Archer Armor |
Build order — CharlesPK
First 150 of 200 actions detected
| 0:01 | Create | Villager (Male) |
| 0:01 | Create | Villager (Male) |
| 0:17 | Create | Villager (Male) |
| 0:21 | Create | Villager (Male) |
| 0:28 | Research | Loom |
| 0:28 | Research | Loom |
| 0:28 | Create | Villager (Male) |
| 0:41 | Create | Villager (Male) |
| 0:41 | Create | Villager (Male) |
| 1:28 | Create | Villager (Male) |
| 2:39 | Create | Villager (Male) |
| 2:39 | Create | Villager (Male) |
| 3:05 | Create | Villager (Male) |
| 3:23 | Create | Villager (Male) |
| 3:49 | Create | Villager (Male) |
| 3:50 | Create | Villager (Male) |
| 4:08 | Build | Lumber Camp |
| 4:33 | Create | Villager (Male) |
| 4:54 | Create | Villager (Male) |
| 4:54 | Create | Villager (Male) |
| 6:05 | Create | Villager (Male) |
| 6:16 | Create | Villager (Male) |
| 6:29 | Build | Mill |
| 6:51 | Create | Villager (Male) |
| 6:57 | Build | Mill |
| 7:06 | Build | Palisade Wall |
| 7:18 | Create | Villager (Male) |
| 8:00 | Create | Villager (Male) |
| 8:21 | Create | Villager (Male) |
| 9:12 | Research | Feudal Age |
| 9:12 | Research | Feudal Age |
| 9:37 | Build | Barracks |
| 11:22 | Age | Feudal Age |
| 11:29 | Create | Spearman |
| 11:29 | Create | Spearman |
| 11:39 | Create | Villager (Male) |
| 11:48 | Create | Spearman |
| 11:58 | Build | Archery Range |
| 12:08 | Create | Spearman |
| 12:19 | Create | Spearman |
| 12:26 | Build | Palisade Wall |
| 12:47 | Build | Mining Camp |
| 12:52 | Research | Double-Bit Axe |
| 12:56 | Create | Villager (Male) |
| 13:05 | Build | Palisade Wall |
| 13:13 | Create | Villager (Male) |
| 13:37 | Create | Archer |
| 13:40 | Create | Villager (Male) |
| 13:50 | Build | Palisade Wall |
| 14:10 | Create | Archer |
| 14:16 | Build | Blacksmith |
| 14:19 | Build | Palisade Wall |
| 14:25 | Create | Villager (Male) |
| 14:26 | Create | Archer |
| 14:31 | Build | Palisade Wall |
| 14:35 | Build | Palisade Wall |
| 14:49 | Create | Villager (Male) |
| 14:55 | Build | Mill |
| 15:04 | Build | Palisade Gate |
| 15:09 | Build | Palisade Wall |
| 15:23 | Create | Archer |
| 15:26 | Research | Fletching |
| 15:26 | Research | Fletching |
| 15:48 | Create | Villager (Male) |
| 16:24 | Build | Palisade Wall |
| 16:43 | Create | Villager (Male) |
| 17:17 | Build | Watch Tower |
| 17:24 | Build | Lumber Camp |
| 17:57 | Build | Archery Range |
| 17:59 | Build | Archery Range |
| 18:28 | Research | Padded Archer Armor |
| 18:28 | Research | Padded Archer Armor |
| 18:31 | Create | Archer ×5 |
| 18:32 | Create | Archer ×2 |
| 18:32 | Create | Archer ×2 |
| 19:20 | Build | Farm |
| 19:25 | Build | Farm |
| 19:32 | Create | Archer |
| 19:33 | Create | Archer |
| 19:33 | Create | Archer |
| 19:33 | Create | Archer |
| 19:33 | Create | Archer |
| 19:34 | Create | Archer |
| 19:51 | Build | Farm |
| 19:53 | Build | Farm |
| 20:23 | Build | Palisade Wall |
| 20:39 | Create | Archer |
| 20:56 | Create | Archer |
| 20:57 | Create | Archer |
| 21:23 | Create | Archer |
| 21:23 | Create | Archer |
| 21:53 | Create | Archer |
| 21:54 | Create | Archer |
| 22:13 | Create | Villager (Male) |
| 22:20 | Build | Palisade Wall |
| 22:26 | Create | Archer |
| 22:27 | Create | Villager (Male) |
| 22:38 | Create | Archer |
| 22:38 | Create | Archer |
| 22:38 | Create | Archer |
| 22:39 | Create | Archer |
| 22:53 | Build | Farm |
| 23:07 | Create | Archer |
| 23:38 | Create | Archer |
| 23:40 | Create | Archer |
| 24:10 | Create | Archer |
| 24:15 | Build | Farm |
| 24:17 | Build | Farm |
| 24:18 | Build | Farm |
| 24:30 | Create | Archer |
| 24:33 | Research | Gold Mining |
| 24:33 | Research | Gold Mining |
| 24:33 | Create | Villager (Male) |
| 24:54 | Build | Farm |
| 25:12 | Build | Palisade Wall |
| 25:33 | Create | Villager (Male) |
| 26:07 | Create | Archer |
| 26:07 | Create | Archer |
| 26:07 | Create | Archer |
| 26:25 | Build | Palisade Wall |
| 28:01 | Build | Palisade Wall |
| 28:03 | Build | Palisade Gate |
| 28:11 | Create | Villager (Male) |
| 28:27 | Create | Villager (Male) |
| 29:02 | Create | Villager (Male) |
| 29:11 | Build | Palisade Wall |
| 29:34 | Build | Palisade Wall |
| 29:39 | Create | Villager (Male) |
| 29:50 | Create | Archer |
| 29:59 | Create | Villager (Male) |
| 30:21 | Build | Farm |
| 30:31 | Build | Farm |
| 30:32 | Build | Farm |
| 30:42 | Build | Farm |
| 30:58 | Create | Villager (Male) |
| 31:02 | Build | Farm |
| 31:06 | Build | Farm |
| 31:29 | Create | Villager (Male) |
| 31:35 | Build | Mining Camp |
| 32:05 | Build | Farm |
| 32:12 | Create | Villager (Male) |
| 33:01 | Research | Castle Age |
| 33:01 | Research | Castle Age |
| 33:06 | Create | Archer |
| 33:40 | Create | Villager (Male) |
| 33:45 | Research | Horse Collar |
| 33:45 | Research | Horse Collar |
| 35:41 | Age | Castle Age |
| 35:47 | Build | Town Center |
| 35:53 | Create | Skirmisher |
Build order — DarkOrsted
First 150 of 329 actions detected
| 0:01 | Create | Villager (Male) ×4 |
| 0:01 | Create | Villager (Male) ×4 |
| 0:04 | Build | House |
| 0:05 | Build | House |
| 1:41 | Create | Villager (Male) |
| 1:42 | Create | Villager (Male) |
| 1:58 | Build | Lumber Camp |
| 2:05 | Create | Villager (Male) |
| 2:27 | Create | Villager (Male) |
| 2:44 | Build | House |
| 2:55 | Create | Villager (Male) |
| 3:08 | Create | Villager (Male) |
| 3:28 | Create | Villager (Male) |
| 3:57 | Create | Villager (Male) |
| 4:21 | Create | Villager (Male) ×2 |
| 4:21 | Create | Villager (Male) ×2 |
| 5:12 | Create | Villager (Male) ×2 |
| 5:20 | Build | Mill |
| 5:34 | Create | Villager (Male) ×2 |
| 6:02 | Create | Villager (Male) ×2 |
| 6:15 | Research | Loom |
| 6:15 | Create | Villager (Male) ×4 |
| 6:25 | Create | Villager (Male) |
| 7:15 | Research | Feudal Age |
| 7:46 | Build | House |
| 7:54 | Build | Palisade Wall |
| 8:41 | Build | Barracks |
| 9:14 | Create | Villager (Male) |
| 9:15 | Create | Villager (Male) |
| 9:25 | Age | Feudal Age |
| 9:30 | Build | Stable |
| 9:34 | Build | Palisade Wall |
| 9:42 | Research | Double-Bit Axe |
| 9:43 | Research | Tech 1014 |
| 9:50 | Create | Villager (Male) |
| 9:50 | Create | Villager (Male) |
| 9:56 | Build | House |
| 9:58 | Build | House |
| 10:16 | Create | Scout Cavalry |
| 10:17 | Create | Scout Cavalry |
| 10:31 | Create | Scout Cavalry |
| 10:50 | Create | Villager (Male) |
| 11:17 | Create | Villager (Male) |
| 11:31 | Create | Spearman |
| 11:31 | Create | Spearman |
| 11:39 | Build | Pasture |
| 11:44 | Build | Pasture |
| 11:55 | Create | Villager (Male) |
| 12:05 | Build | Pasture |
| 12:13 | Create | Villager (Male) |
| 12:13 | Create | Villager (Male) |
| 12:38 | Build | House |
| 12:40 | Build | House |
| 12:42 | Build | House |
| 12:45 | Build | House |
| 12:48 | Create | Villager (Male) |
| 12:48 | Create | Villager (Male) |
| 12:58 | Create | Scout Cavalry |
| 12:58 | Create | Scout Cavalry |
| 13:24 | Create | Villager (Male) |
| 13:31 | Create | Scout Cavalry |
| 13:43 | Build | Palisade Wall |
| 13:49 | Build | Palisade Wall |
| 13:51 | Create | Villager (Male) |
| 13:51 | Create | Villager (Male) |
| 14:00 | Build | Palisade Wall |
| 14:03 | Build | Palisade Gate |
| 14:07 | Create | Scout Cavalry |
| 14:17 | Build | Pasture |
| 14:18 | Build | Pasture |
| 14:18 | Build | Pasture |
| 14:18 | Build | Pasture |
| 14:30 | Create | Villager (Male) |
| 14:54 | Create | Villager (Male) |
| 15:15 | Create | Villager (Male) |
| 15:17 | Create | Scout Cavalry |
| 15:29 | Build | Pasture |
| 15:32 | Build | Pasture |
| 15:32 | Build | Pasture |
| 15:33 | Build | Pasture |
| 15:33 | Build | Pasture |
| 15:45 | Create | Scout Cavalry |
| 15:45 | Create | Scout Cavalry |
| 16:04 | Build | Palisade Gate |
| 16:16 | Build | Pasture |
| 16:19 | Build | House |
| 16:25 | Build | Palisade Wall |
| 16:27 | Create | Villager (Male) |
| 16:35 | Create | Scout Cavalry |
| 16:36 | Create | Scout Cavalry |
| 16:56 | Create | Spearman |
| 16:56 | Create | Spearman |
| 17:17 | Build | House |
| 17:23 | Build | House |
| 17:31 | Build | House |
| 17:33 | Build | House |
| 17:46 | Create | Villager (Male) |
| 17:47 | Create | Villager (Male) |
| 17:48 | Research | Wheelbarrow |
| 18:01 | Build | House |
| 18:10 | Build | Lumber Camp |
| 18:16 | Create | Villager (Male) |
| 18:16 | Create | Villager (Male) |
| 18:49 | Create | Villager (Male) |
| 19:02 | Build | Stable |
| 19:25 | Create | Scout Cavalry |
| 19:25 | Create | Scout Cavalry |
| 19:46 | Build | Blacksmith |
| 20:04 | Create | Scout Cavalry |
| 20:04 | Create | Scout Cavalry |
| 20:04 | Create | Scout Cavalry |
| 20:10 | Build | Pasture |
| 20:25 | Build | Lumber Camp |
| 20:27 | Create | Villager (Male) |
| 20:27 | Create | Villager (Male) |
| 20:38 | Create | Scout Cavalry |
| 20:38 | Create | Scout Cavalry |
| 20:39 | Create | Scout Cavalry |
| 20:41 | Create | Villager (Male) |
| 20:41 | Create | Villager (Male) |
| 20:50 | Build | House |
| 21:01 | Build | House |
| 21:02 | Build | House |
| 21:03 | Build | House |
| 21:04 | Build | House |
| 21:05 | Build | House |
| 21:21 | Research | Scale Barding Armor |
| 21:21 | Research | Forging |
| 21:28 | Create | Scout Cavalry |
| 21:52 | Create | Scout Cavalry |
| 21:52 | Create | Scout Cavalry |
| 22:17 | Create | Scout Cavalry |
| 22:18 | Create | Scout Cavalry |
| 22:18 | Create | Scout Cavalry |
| 22:42 | Create | Villager (Male) |
| 22:42 | Create | Villager (Male) |
| 22:52 | Build | Pasture |
| 22:53 | Build | Pasture |
| 22:55 | Build | Pasture |
| 22:56 | Build | Pasture |
| 22:58 | Build | Pasture |
| 23:00 | Build | Pasture |
| 23:18 | Create | Villager (Male) |
| 23:18 | Create | Villager (Male) |
| 23:18 | Create | Villager (Male) |
| 23:22 | Build | Pasture |
| 23:24 | Build | Mining Camp |
| 23:28 | Build | House |
| 23:29 | Build | House |
| 23:29 | Build | House |
Build order — juankmh
First 150 of 381 actions detected
| 0:02 | Create | Villager (Male) |
| 0:02 | Create | Villager (Male) |
| 0:02 | Create | Villager (Male) |
| 0:03 | Create | Villager (Male) |
| 0:05 | Build | House |
| 0:36 | Build | Mill |
| 1:31 | Create | Villager (Male) |
| 1:41 | Build | House |
| 1:43 | Build | House |
| 2:05 | Create | Villager (Male) |
| 2:10 | Build | House |
| 2:13 | Build | House |
| 2:34 | Create | Villager (Male) |
| 2:57 | Create | Villager (Male) |
| 3:07 | Research | Loom |
| 3:07 | Create | Villager (Male) |
| 3:26 | Build | House |
| 4:02 | Create | Villager (Male) |
| 4:32 | Create | Villager (Male) |
| 4:43 | Create | Villager (Male) |
| 5:06 | Build | Lumber Camp |
| 5:10 | Build | House |
| 5:18 | Create | Villager (Male) |
| 5:36 | Create | Villager (Male) |
| 5:59 | Create | Villager (Male) |
| 6:00 | Create | Villager (Male) |
| 6:19 | Create | Villager (Male) |
| 6:32 | Create | Villager (Male) |
| 6:46 | Create | Villager (Male) |
| 7:09 | Create | Villager (Male) |
| 7:33 | Create | Villager (Male) |
| 8:15 | Research | Feudal Age |
| 8:39 | Create | Villager (Male) |
| 8:44 | Build | Barracks |
| 8:46 | Build | House |
| 10:04 | Build | Palisade Wall |
| 10:05 | Build | Palisade Wall |
| 10:07 | Build | Palisade Wall |
| 10:08 | Build | Palisade Wall |
| 10:09 | Build | Palisade Wall |
| 10:11 | Build | Palisade Wall |
| 10:11 | Build | Palisade Wall |
| 10:12 | Build | Palisade Wall |
| 10:13 | Build | Palisade Wall |
| 10:14 | Build | Palisade Wall |
| 10:15 | Build | Palisade Wall |
| 10:17 | Build | Palisade Wall |
| 10:17 | Build | Palisade Wall |
| 10:24 | Build | Palisade Gate |
| 10:27 | Create | Villager (Male) |
| 10:35 | Age | Feudal Age |
| 10:40 | Build | Stable |
| 10:47 | Build | Palisade Gate |
| 10:54 | Build | House |
| 10:57 | Create | Villager (Male) |
| 11:09 | Create | Villager (Male) |
| 11:21 | Build | Palisade Wall |
| 11:31 | Create | Villager (Male) |
| 11:33 | Create | Scout Cavalry |
| 11:33 | Create | Scout Cavalry |
| 11:33 | Create | Scout Cavalry |
| 11:34 | Create | Scout Cavalry |
| 11:34 | Create | Scout Cavalry |
| 11:47 | Research | Double-Bit Axe |
| 11:59 | Build | Mining Camp |
| 12:16 | Build | Palisade Wall |
| 12:17 | Build | Palisade Wall |
| 12:19 | Build | Palisade Wall |
| 12:20 | Build | Palisade Wall |
| 12:21 | Build | Palisade Wall |
| 12:22 | Build | Palisade Wall |
| 12:28 | Create | Villager (Male) |
| 12:32 | Build | Farm |
| 12:32 | Build | Farm |
| 12:33 | Build | Farm |
| 12:33 | Build | Farm |
| 12:43 | Create | Villager (Male) |
| 13:14 | Create | Villager (Male) |
| 13:17 | Build | Farm |
| 13:25 | Build | House |
| 13:31 | Build | House |
| 13:37 | Build | Palisade Wall |
| 13:40 | Build | Farm |
| 13:41 | Create | Villager (Male) |
| 13:44 | Create | Villager (Male) |
| 13:58 | Build | Blacksmith |
| 14:04 | Create | Villager (Male) |
| 14:23 | Create | Scout Cavalry |
| 14:29 | Build | House |
| 15:59 | Build | Farm |
| 16:03 | Build | Farm |
| 16:03 | Build | Farm |
| 16:04 | Build | Farm |
| 16:04 | Build | Farm |
| 16:04 | Build | Farm |
| 16:04 | Build | Farm |
| 16:12 | Build | Palisade Gate |
| 16:15 | Build | House |
| 16:23 | Build | House |
| 16:30 | Create | Villager (Male) |
| 16:33 | Create | Spearman |
| 16:33 | Create | Spearman |
| 16:33 | Create | Spearman |
| 16:34 | Create | Spearman |
| 16:55 | Create | Villager (Male) |
| 17:17 | Build | House |
| 17:23 | Build | Palisade Gate |
| 17:31 | Create | Scout Cavalry |
| 17:31 | Create | Scout Cavalry |
| 17:32 | Create | Scout Cavalry |
| 17:39 | Build | House |
| 18:04 | Build | Lumber Camp |
| 18:10 | Create | Villager (Male) |
| 18:11 | Create | Villager (Male) |
| 18:19 | Create | Scout Cavalry |
| 19:15 | Create | Villager (Male) |
| 19:15 | Create | Villager (Male) |
| 19:15 | Create | Villager (Male) |
| 19:16 | Create | Villager (Male) |
| 19:21 | Build | Farm |
| 19:21 | Build | Farm |
| 19:21 | Build | Farm |
| 19:21 | Build | Farm |
| 19:22 | Build | Farm |
| 19:22 | Build | Farm |
| 19:22 | Build | Farm |
| 19:23 | Build | Farm |
| 19:23 | Build | Farm |
| 20:24 | Build | Blacksmith |
| 20:28 | Create | Villager (Male) |
| 20:32 | Build | House |
| 21:06 | Research | Scale Barding Armor |
| 21:09 | Create | Villager (Male) |
| 21:45 | Build | House |
| 23:12 | Build | Farm |
| 23:13 | Create | Villager (Male) |
| 23:14 | Create | Villager (Male) |
| 23:18 | Build | Farm |
| 23:18 | Build | Farm |
| 23:19 | Build | Farm |
| 23:19 | Build | Farm |
| 23:33 | Research | Castle Age |
| 23:54 | Build | House |
| 24:10 | Create | Spearman |
| 24:13 | Create | Spearman |
| 24:36 | Build | Market |
| 24:49 | Build | Mining Camp |
| 25:02 | Research | Wheelbarrow |
| 25:36 | Research | Man-at-Arms (upgrade) |
| 25:46 | Research | Scale Mail Armor |
Build order — Plinio
First 150 of 421 actions detected
| 0:01 | Create | Villager (Male) |
| 0:01 | Create | Villager (Male) |
| 0:01 | Create | Villager (Male) |
| 0:02 | Create | Villager (Male) |
| 0:02 | Create | Villager (Male) |
| 0:05 | Build | House |
| 0:07 | Build | House |
| 1:26 | Create | Villager (Male) |
| 1:52 | Build | Lumber Camp |
| 2:05 | Create | Villager (Male) |
| 2:22 | Create | Villager (Male) |
| 2:45 | Build | House |
| 2:50 | Create | Villager (Male) |
| 3:18 | Create | Villager (Male) |
| 3:41 | Create | Villager (Male) |
| 4:08 | Create | Villager (Male) |
| 4:08 | Create | Villager (Male) |
| 4:26 | Create | Villager (Male) |
| 4:26 | Create | Villager (Male) |
| 5:16 | Create | Villager (Male) |
| 5:17 | Create | Villager (Male) |
| 5:17 | Create | Villager (Male) |
| 5:48 | Build | Mill |
| 6:01 | Create | Villager (Male) |
| 6:38 | Research | Loom |
| 7:02 | Build | Farm |
| 7:05 | Create | Villager (Male) |
| 7:59 | Research | Feudal Age |
| 8:08 | Build | Barracks |
| 8:17 | Build | Palisade Wall |
| 9:17 | Age | Feudal Age |
| 9:19 | Create | Villager (Male) |
| 9:19 | Create | Villager (Male) |
| 9:20 | Create | Villager (Male) |
| 9:44 | Build | Archery Range |
| 9:52 | Build | House |
| 10:14 | Build | House |
| 10:24 | Build | Palisade Wall |
| 10:28 | Build | Palisade Wall |
| 10:41 | Create | Archer |
| 10:45 | Build | House |
| 10:55 | Create | Villager (Male) |
| 10:55 | Create | Villager (Male) |
| 10:55 | Create | Villager (Male) |
| 10:55 | Create | Villager (Male) |
| 11:13 | Build | Lumber Camp |
| 11:28 | Create | Archer |
| 11:59 | Build | Mining Camp |
| 12:06 | Create | Archer |
| 12:17 | Create | Villager (Male) |
| 12:33 | Build | House |
| 12:46 | Build | Archery Range |
| 12:50 | Create | Archer |
| 12:53 | Create | Villager (Male) |
| 13:14 | Create | Archer |
| 13:16 | Build | Farm |
| 13:29 | Create | Archer |
| 13:44 | Create | Villager (Male) |
| 13:48 | Build | Blacksmith |
| 13:57 | Create | Archer |
| 14:03 | Create | Archer |
| 14:08 | Create | Archer |
| 14:35 | Create | Archer |
| 14:44 | Build | Farm |
| 14:44 | Build | Farm |
| 14:44 | Build | Farm |
| 14:45 | Build | Farm |
| 14:55 | Create | Villager (Male) |
| 15:11 | Build | Farm |
| 15:37 | Build | Farm |
| 16:03 | Create | Archer |
| 16:05 | Create | Spearman |
| 16:17 | Create | Villager (Male) |
| 16:22 | Build | Farm |
| 16:23 | Build | Farm |
| 16:24 | Build | Farm |
| 16:39 | Research | Fletching |
| 17:19 | Research | Padded Archer Armor |
| 17:19 | Research | Padded Archer Armor |
| 17:55 | Create | Archer |
| 17:57 | Create | Archer |
| 18:02 | Build | House |
| 18:03 | Build | House |
| 18:04 | Build | House |
| 18:10 | Create | Archer |
| 18:11 | Create | Archer |
| 18:19 | Research | Double-Bit Axe |
| 18:19 | Research | Double-Bit Axe |
| 18:21 | Research | Horse Collar |
| 18:22 | Create | Villager (Male) |
| 18:22 | Create | Villager (Male) |
| 18:33 | Create | Archer |
| 18:33 | Create | Archer |
| 18:51 | Create | Archer |
| 18:52 | Create | Archer |
| 18:56 | Create | Villager (Male) |
| 19:03 | Build | Palisade Wall |
| 19:10 | Build | Palisade Gate |
| 19:23 | Create | Villager (Male) |
| 19:36 | Create | Villager (Male) |
| 19:39 | Build | Farm |
| 19:53 | Create | Archer |
| 19:57 | Create | Archer |
| 20:05 | Create | Villager (Male) |
| 20:07 | Create | Archer |
| 20:07 | Create | Archer |
| 20:23 | Build | Lumber Camp |
| 20:30 | Build | House |
| 20:59 | Create | Villager (Male) |
| 20:59 | Create | Villager (Male) |
| 21:04 | Build | House |
| 21:05 | Build | House |
| 22:01 | Create | Archer |
| 22:02 | Create | Archer |
| 22:03 | Create | Villager (Male) |
| 22:04 | Create | Villager (Male) |
| 22:11 | Build | Market |
| 22:23 | Create | Villager (Male) |
| 22:53 | Build | Mining Camp |
| 23:18 | Research | Castle Age |
| 24:11 | Create | Archer |
| 24:11 | Create | Archer |
| 24:12 | Create | Archer |
| 24:12 | Create | Archer |
| 24:12 | Create | Archer |
| 24:39 | Create | Archer |
| 24:39 | Create | Archer |
| 24:54 | Build | Mill |
| 24:54 | Age | Castle Age |
| 25:00 | Create | Villager (Male) |
| 25:01 | Create | Villager (Male) |
| 25:01 | Create | Villager (Male) |
| 25:05 | Build | Town Center |
| 25:13 | Research | Crossbowman (upgrade) |
| 25:43 | Research | Bodkin Arrow |
| 25:43 | Research | Bodkin Arrow |
| 26:10 | Create | Villager (Male) |
| 26:10 | Create | Villager (Male) |
| 26:11 | Create | Villager (Male) |
| 26:28 | Create | Villager (Male) |
| 26:28 | Create | Villager (Male) |
| 26:28 | Create | Villager (Male) |
| 26:59 | Create | Archer |
| 27:01 | Create | Archer |
| 27:01 | Create | Archer |
| 27:01 | Create | Archer |
| 27:02 | Create | Archer |
| 27:26 | Create | Archer |
| 27:54 | Create | Archer |
| 27:54 | Create | Archer |
Build order — KAYSER.PE
First 150 of 493 actions detected
| 0:03 | Create | Villager (Male) |
| 0:03 | Create | Villager (Male) |
| 0:03 | Create | Villager (Male) |
| 0:03 | Create | Villager (Male) |
| 0:05 | Build | House |
| 0:06 | Build | House |
| 1:29 | Create | Villager (Male) |
| 1:56 | Build | Lumber Camp |
| 2:07 | Create | Villager (Male) |
| 2:07 | Create | Villager (Male) |
| 2:27 | Create | Villager (Male) |
| 2:27 | Create | Villager (Male) |
| 3:01 | Create | Villager (Male) |
| 3:02 | Create | Villager (Male) |
| 3:03 | Build | House |
| 3:05 | Build | House |
| 3:35 | Create | Villager (Male) |
| 3:35 | Create | Villager (Male) |
| 3:54 | Create | Villager (Male) |
| 4:26 | Create | Villager (Male) |
| 4:29 | Create | Villager (Male) |
| 4:51 | Create | Villager (Male) |
| 5:22 | Build | Mill |
| 5:34 | Research | Loom |
| 6:25 | Research | Feudal Age |
| 7:43 | Build | Barracks |
| 8:35 | Age | Feudal Age |
| 8:38 | Build | Stable |
| 8:46 | Create | Villager (Male) |
| 8:55 | Research | Double-Bit Axe |
| 9:07 | Research | Horse Collar |
| 9:07 | Research | Horse Collar |
| 9:10 | Create | Villager (Male) |
| 9:18 | Create | Scout Cavalry ×2 |
| 9:37 | Create | Villager (Male) |
| 10:00 | Create | Villager (Male) |
| 10:02 | Build | Farm |
| 10:05 | Build | House |
| 10:20 | Create | Villager (Male) |
| 10:29 | Create | Scout Cavalry |
| 10:36 | Build | Farm |
| 10:42 | Build | House |
| 10:44 | Create | Villager (Male) |
| 10:45 | Create | Villager (Male) |
| 11:00 | Create | Spearman |
| 11:01 | Create | Spearman |
| 11:06 | Build | House |
| 11:11 | Build | House |
| 11:14 | Build | Palisade Wall |
| 11:16 | Build | Palisade Gate |
| 11:20 | Create | Villager (Male) |
| 11:21 | Build | Farm |
| 11:26 | Create | Villager (Male) |
| 11:28 | Build | Farm |
| 11:37 | Create | Scout Cavalry |
| 11:45 | Build | Farm |
| 11:54 | Create | Scout Cavalry |
| 12:00 | Build | House |
| 12:01 | Build | Palisade Wall |
| 12:03 | Build | Palisade Wall |
| 12:16 | Create | Villager (Male) |
| 12:16 | Create | Villager (Male) |
| 12:22 | Build | House |
| 12:36 | Build | Farm |
| 12:47 | Build | Farm |
| 12:48 | Create | Villager (Male) |
| 12:48 | Create | Villager (Male) |
| 12:48 | Create | Villager (Male) |
| 12:51 | Build | Farm |
| 13:00 | Build | House |
| 13:01 | Create | Villager (Male) |
| 13:08 | Create | Scout Cavalry |
| 13:14 | Create | Villager (Male) |
| 13:24 | Build | House |
| 13:31 | Build | Palisade Wall |
| 13:37 | Create | Villager (Male) |
| 13:53 | Build | House |
| 13:55 | Build | Palisade Wall |
| 14:05 | Create | Villager (Male) |
| 14:13 | Create | Villager (Male) |
| 14:15 | Build | Farm |
| 14:16 | Create | Spearman |
| 14:27 | Create | Villager (Male) |
| 14:27 | Create | Villager (Male) |
| 14:27 | Create | Villager (Male) |
| 14:27 | Create | Villager (Male) |
| 14:35 | Build | Farm |
| 14:40 | Create | Scout Cavalry |
| 14:52 | Create | Villager (Male) |
| 14:52 | Create | Villager (Male) |
| 14:53 | Create | Villager (Male) |
| 14:59 | Create | Villager (Male) |
| 15:03 | Build | Farm |
| 15:04 | Build | Farm |
| 15:06 | Build | Farm |
| 15:10 | Create | Villager (Male) |
| 15:10 | Create | Villager (Male) |
| 15:20 | Build | Farm |
| 15:21 | Build | Farm |
| 15:34 | Build | House |
| 15:35 | Build | Palisade Wall |
| 15:43 | Create | Villager (Male) |
| 15:44 | Create | Villager (Male) |
| 15:51 | Create | Villager (Male) |
| 15:59 | Create | Villager (Male) |
| 15:59 | Create | Villager (Male) |
| 15:59 | Create | Villager (Male) |
| 16:15 | Create | Villager (Male) |
| 16:16 | Create | Villager (Male) |
| 16:24 | Build | Farm |
| 16:25 | Build | Farm |
| 16:29 | Create | Villager (Male) |
| 16:30 | Create | Villager (Male) |
| 16:42 | Create | Villager (Male) |
| 16:43 | Build | Mining Camp |
| 16:48 | Create | Villager (Male) |
| 16:54 | Build | Palisade Gate |
| 16:57 | Create | Villager (Male) |
| 17:21 | Build | Blacksmith |
| 17:31 | Create | Villager (Male) |
| 17:40 | Create | Villager (Male) |
| 17:40 | Create | Villager (Male) |
| 17:41 | Create | Villager (Male) |
| 17:41 | Create | Villager (Male) |
| 17:45 | Build | House |
| 17:46 | Build | Palisade Wall |
| 17:59 | Build | Farm |
| 18:04 | Create | Villager (Male) |
| 18:09 | Create | Spearman |
| 18:10 | Create | Spearman |
| 18:11 | Build | House |
| 18:14 | Create | Villager (Male) |
| 18:17 | Build | House |
| 18:21 | Create | Spearman |
| 18:29 | Build | House |
| 18:32 | Build | House |
| 18:34 | Build | House |
| 18:45 | Build | Palisade Wall |
| 19:14 | Create | Villager (Male) |
| 19:31 | Create | Scout Cavalry |
| 20:29 | Build | Farm |
| 20:51 | Research | Castle Age |
| 21:04 | Build | Farm |
| 21:07 | Build | Farm |
| 21:10 | Build | Farm |
| 21:11 | Build | Farm |
| 21:13 | Build | Lumber Camp |
| 21:37 | Research | Bloodlines |
| 21:59 | Build | Stable |
| 22:06 | Research | Scale Barding Armor |
Match timeline
| 3:36 | Pollericci Jr. · wall_segment Palisade Wall x1 |
| 7:06 | CharlesPK · wall_segment Palisade Wall x1 |
| 7:25 | Tupac_Amaru · first_building Barracks |
| 7:26 | Pollericci Jr. · first_building Barracks |
| 7:43 | KAYSER.PE · first_building Barracks |
| 7:54 | DarkOrsted · wall_segment Palisade Wall x1 |
| 8:08 | Plinio · first_building Barracks |
| 8:16 | TuMaY · first_building Barracks |
| 8:17 | Plinio · wall_segment Palisade Wall x11 |
| 8:35 | KAYSER.PE · age_up feudal |
| 8:38 | KAYSER.PE · first_building Stable |
| 8:41 | DarkOrsted · first_building Barracks |
| 8:44 | juankmh · first_building Barracks |
| 9:01 | Tupac_Amaru · age_up feudal |
| 9:05 | Tupac_Amaru · first_building Archery Range |
| 9:17 | Plinio · age_up feudal |
| 9:19 | Pollericci Jr. · age_up feudal |
| 9:24 | Pollericci Jr. · first_building Archery Range |
| 9:25 | DarkOrsted · age_up feudal |
| 9:30 | DarkOrsted · first_building Stable |
| 9:34 | DarkOrsted · wall_segment Palisade Wall x1 |
| 9:37 | CharlesPK · first_building Barracks |
| 9:42 | TuMaY · age_up feudal |
| 9:44 | Plinio · first_building Archery Range |
| 9:47 | TuMaY · first_building Stable |
| 10:04 | juankmh · wall_segment Palisade Wall x1 |
| 10:05 | juankmh · wall_segment Palisade Wall x1 |
| 10:07 | juankmh · wall_segment Palisade Wall x1 |
| 10:08 | juankmh · wall_segment Palisade Wall x1 |
| 10:09 | juankmh · wall_segment Palisade Wall x1 |
| 10:11 | juankmh · wall_segment Palisade Wall x1 |
| 10:11 | juankmh · wall_segment Palisade Wall x1 |
| 10:12 | juankmh · wall_segment Palisade Wall x2 |
| 10:13 | juankmh · wall_segment Palisade Wall x1 |
| 10:14 | juankmh · wall_segment Palisade Wall x1 |
| 10:15 | juankmh · wall_segment Palisade Wall x1 |
| 10:17 | juankmh · wall_segment Palisade Wall x2 |
| 10:17 | juankmh · wall_segment Palisade Wall x1 |
| 10:24 | Plinio · wall_segment Palisade Wall x11 |
| 10:28 | Plinio · wall_segment Palisade Wall x1 |
| 10:29 | TuMaY · wall_segment Palisade Wall x5 |
| 10:35 | juankmh · age_up feudal |
| 10:37 | Tupac_Amaru · wall_segment Palisade Wall x5 |
| 10:40 | juankmh · first_building Stable |
| 11:14 | KAYSER.PE · wall_segment Palisade Wall x4 |
| 11:21 | juankmh · wall_segment Palisade Wall x12 |
| 11:22 | CharlesPK · age_up feudal |
| 11:58 | CharlesPK · first_building Archery Range |
| 12:01 | KAYSER.PE · wall_segment Palisade Wall x5 |
| 12:03 | KAYSER.PE · wall_segment Palisade Wall x4 |
| 12:16 | juankmh · wall_segment Palisade Wall x1 |
| 12:17 | juankmh · wall_segment Palisade Wall x1 |
| 12:19 | juankmh · wall_segment Palisade Wall x1 |
| 12:20 | juankmh · wall_segment Palisade Wall x1 |
| 12:21 | juankmh · wall_segment Palisade Wall x1 |
| 12:22 | juankmh · wall_segment Palisade Wall x1 |
| 12:26 | CharlesPK · wall_segment Palisade Wall x5 |
| 12:36 | Pollericci Jr. · wall_segment Palisade Wall x6 |
| 13:05 | CharlesPK · wall_segment Palisade Wall x6 |
| 13:31 | KAYSER.PE · wall_segment Palisade Wall x7 |
| 13:37 | juankmh · wall_segment Palisade Wall x8 |
| 13:43 | DarkOrsted · wall_segment Palisade Wall x15 |
| 13:49 | DarkOrsted · wall_segment Palisade Wall x28 |
| 13:50 | CharlesPK · wall_segment Palisade Wall x11 |
| 13:55 | KAYSER.PE · wall_segment Palisade Wall x10 |
| 13:57 | Tupac_Amaru · wall_segment Palisade Wall x12 |
| 13:57 | TuMaY · wall_segment Palisade Wall x2 |
| 14:00 | DarkOrsted · wall_segment Palisade Wall x15 |
| 14:19 | CharlesPK · wall_segment Palisade Wall x11 |
| 14:31 | CharlesPK · wall_segment Palisade Wall x8 |
| 14:35 | CharlesPK · wall_segment Palisade Wall x7 |
| 14:45 | TuMaY · wall_segment Palisade Wall x1 |
| 14:49 | TuMaY · wall_segment Palisade Wall x1 |
| 14:54 | TuMaY · wall_segment Palisade Wall x1 |
| 15:09 | CharlesPK · wall_segment Palisade Wall x4 |
| 15:24 | Tupac_Amaru · wall_segment Palisade Wall x7 |
| 15:35 | KAYSER.PE · wall_segment Palisade Wall x14 |
| 16:03 | Tupac_Amaru · wall_segment Palisade Wall x1 |
| 16:04 | Tupac_Amaru · wall_segment Palisade Wall x1 |
| 16:06 | Tupac_Amaru · wall_segment Palisade Wall x1 |
| 16:24 | CharlesPK · wall_segment Palisade Wall x5 |
| 16:25 | DarkOrsted · wall_segment Palisade Wall x1 |
| 17:07 | Pollericci Jr. · wall_segment Palisade Wall x16 |
| 17:46 | KAYSER.PE · wall_segment Palisade Wall x13 |
| 18:03 | Tupac_Amaru · wall_segment Palisade Wall x7 |
| 18:45 | KAYSER.PE · wall_segment Palisade Wall x1 |
| 19:03 | Plinio · wall_segment Palisade Wall x12 |
| 20:02 | TuMaY · first_building Archery Range |
| 20:20 | Pollericci Jr. · wall_segment Palisade Wall x9 |
| 20:21 | Tupac_Amaru · wall_segment Palisade Wall x1 |
| 20:22 | Tupac_Amaru · wall_segment Palisade Wall x5 |
| 20:23 | CharlesPK · wall_segment Palisade Wall x3 |
| 20:24 | Pollericci Jr. · wall_segment Palisade Wall x11 |
| 20:26 | Pollericci Jr. · wall_segment Palisade Wall x3 |
| 21:39 | Tupac_Amaru · first_market_sell 100 wood |
| 22:20 | CharlesPK · wall_segment Palisade Wall x2 |
| 22:32 | Tupac_Amaru · first_market_buy 100 food |
| 23:16 | Plinio · first_market_buy 100 food |
| 23:16 | TuMaY · age_up castle |
| 23:31 | KAYSER.PE · age_up castle |
| 23:35 | Pollericci Jr. · age_up castle |
| 24:54 | Plinio · age_up castle |
| 25:12 | CharlesPK · wall_segment Palisade Wall x1 |
| 25:27 | juankmh · first_market_sell 100 wood |
| 25:31 | juankmh · first_market_buy 100 food |
| 25:38 | Tupac_Amaru · age_up castle |
| 26:18 | juankmh · age_up castle |
| 26:25 | CharlesPK · wall_segment Palisade Wall x4 |
| 28:01 | CharlesPK · wall_segment Palisade Wall x4 |
| 28:47 | DarkOrsted · age_up castle |
| 29:11 | CharlesPK · wall_segment Palisade Wall x1 |
| 29:23 | Plinio · first_market_sell 100 food |
| 29:34 | CharlesPK · wall_segment Palisade Wall x3 |
| 29:34 | juankmh · first_building Siege Workshop |
| 30:05 | Tupac_Amaru · first_building Siege Workshop |
| 31:52 | Pollericci Jr. · first_building Castle |
| 32:28 | Pollericci Jr. · first_market_buy 100 wood |
| 33:57 | Plinio · first_building Castle |
| 34:29 | juankmh · first_building Castle |
| 35:20 | juankmh · first_building Archery Range |
| 35:32 | KAYSER.PE · first_building Castle |
| 35:41 | CharlesPK · age_up castle |
| 35:53 | Plinio · first_building Siege Workshop |
| 36:27 | Pollericci Jr. · first_building Stable |
| 37:05 | Tupac_Amaru · first_building Castle |
| 37:42 | TuMaY · first_building Siege Workshop |
| 38:02 | CharlesPK · wall_segment Palisade Wall x8 |
| 38:47 | TuMaY · first_building Castle |
| 39:13 | Tupac_Amaru · wall_segment Palisade Wall x3 |
| 39:15 | Pollericci Jr. · wall_segment Palisade Wall x12 |
| 39:17 | Pollericci Jr. · wall_segment Palisade Wall x3 |
| 39:22 | juankmh · wall_segment Palisade Wall x20 |
| 39:25 | juankmh · wall_segment Palisade Wall x2 |
| 39:26 | juankmh · wall_segment Palisade Wall x1 |
| 39:26 | juankmh · wall_segment Palisade Wall x2 |
| 39:27 | juankmh · wall_segment Palisade Wall x1 |
| 39:28 | juankmh · wall_segment Palisade Wall x2 |
| 39:28 | juankmh · wall_segment Palisade Wall x1 |
| 39:31 | juankmh · wall_segment Palisade Wall x16 |
| 39:56 | TuMaY · first_market_buy 100 wood |
| 40:49 | Tupac_Amaru · first_building Stable |
| 41:05 | Pollericci Jr. · first_market_sell 100 food |
| 41:42 | Tupac_Amaru · age_up imperial |
| 42:14 | juankmh · age_up imperial |
| 42:47 | KAYSER.PE · age_up imperial |
| 42:58 | KAYSER.PE · first_market_buy 100 food |
| 43:17 | CharlesPK · first_market_buy 100 stone |
| 43:19 | DarkOrsted · first_building Monastery |
| 44:25 | Pollericci Jr. · age_up imperial |
| 44:33 | TuMaY · resign |
| 46:54 | DarkOrsted · age_up imperial |
| 46:57 | Plinio · age_up imperial |
| 48:46 | KAYSER.PE · first_market_sell 100 food |
[ AI ANALYSIS · 1 CREDIT ]
What really happened in this match?
Wolo.gg analyzes every decision: build order, eco, micro, common mistakes by bracket. Personalized analysis on WhatsApp or Discord in 30 seconds.
Civ guide
Bengalis
Perfil
Jugador #448980